 Dungeon Crawl Stone Soup version 0.29-a0-551-gffc1d7fb78 (webtiles) character file.

Game seed: 14433564436401496196

87 sbat the Sneak (level 4, -4/24 HPs)
             Began as a Kobold Enchanter on June 5, 2022.
             Was an Initiate of Gozag.
             Slain by an orc priest
             ... wielding a +0 war axe of electrocution
              (20 damage)
             ... on level 3 of the Dungeon.
             The game lasted 00:04:48 (2640 turns).

sbat the Sneak (Kobold Enchanter)                   Turns: 2640, Time: 00:04:49

Health: -4/24      AC:  3    Str:  5    XL:     4   Next: 80%
Magic:  3/8        EV: 15    Int: 16    God:    Gozag
Gold:   283        SH:  0    Dex: 17    Spells: 5/8 levels left

rFire   . . .      SeeInvis .   a - +1 dagger
rCold   . . .      Faith    .   (no shield)
rNeg    . . .      Spirit   .   b - +0 robe
rPois   .          Reflect  .   (no helmet)
rElec   .          Harm     .   (no cloak)
rCorr   .          Rampage  .   j - +0 pair of gloves
Will    .....                   (no boots)
Stlth   ++++......              (no amulet)
HPRegen 0.08/turn               (no ring)
MPRegen 0.11/turn               (no ring)

@: confusing by touch
A: small, no large weapons, nightstalker 3
a: Renounce Religion, Potion Petition, Call Merchant, Bribe Branch


You were on level 3 of the Dungeon.
You worshipped Gozag.
Gozag was aware of your devotion.
You visited 1 branch of the dungeon, and saw 3 of its levels.

You collected 283 gold pieces.

Inventory:

Hand Weapons
 a - a +1 dagger (weapon)
Armour
 b - a +0 robe (worn)
 e - a +0 buckler
 j - a +0 pair of gloves (worn)
Magical Staves
 i - a staff of poison
Scrolls
 f - 2 scrolls of teleportation {unknown}
 g - a scroll of poison {unknown}
Potions
 c - a potion of invisibility
 d - 3 potions of curing {unknown}
 h - a potion of haste {unknown}


   Skills:
 + Level 3.0 Short Blades
 - Level 3.1 Dodging
 + Level 5.1 Stealth
 - Level 2.7 Spellcasting
 - Level 3.3 Hexes


You had 5 spell levels left.
You knew the following spells:

 Your Spells              Type           Power      Damage    Failure   Level
a - Confusing Touch       Hex            12%        N/A       14%         3

Your spell library contained the following spells:

 Spells                   Type           Power      Damage    Failure   Level
 Ensorcelled Hibernation  Hex/Ice        14%        N/A       14%         2
 Tukima's Dance           Hex            12%        N/A       14%         3
 Magic Dart               Conj           8%         1d3       19%         1
 Call Imp                 Summ           2%         N/A       28%         2
 Static Discharge         Conj/Air       2%         N/A       28%         2
 Dazzling Flash           Conj/Hex       14%        N/A       28%         3
 Mephitic Cloud           Conj/Pois/Air  2%         N/A       50%         3
 Dispel Undead            Necr           2%         3d7       88%         4
 Sticky Flame             Conj/Fire      2%         2d3       88%         4


Dungeon Overview and Level Annotations

Branches:
Dungeon (3/15)

Altars:
Gozag


Innate Abilities, Weirdness & Mutations

You are small and have problems with some larger weapons.
You are completely attuned to the shadows.


Message History

You hit the orc wizard.
The orc wizard is severely wounded.
The orc wizard points at you and mumbles some strange words.
The magic dart hits you!
* * * LOW HITPOINT WARNING * * *
You hit the orc wizard.
The orc wizard is severely wounded.
The orc wizard barely misses you.
You hit the orc wizard.
You kill the orc wizard!
Your Short Blades skill increases to level 3!
Your Stealth skill increases to level 5!
You now have 283 gold pieces (gained 4).
Things that are here:
a +0 dagger; a +0 robe
There is a stone staircase leading down, spattered with blood here.
You start resting.
HP restored.
Casting: Confusing Touch (quite dangerous; 14% risk of failure)
Confirm with . or Enter, or press ? or * to list all spells.
The spell is quite dangerous to miscast (14% risk of failure)!
Continue anyway?
You miscast Confusing Touch.
You are very lightly contaminated with residual magic.
Nothing appears to happen.
You start resting.
Your magical contamination has completely faded away.
Casting: Confusing Touch (quite dangerous; 14% risk of failure)
Confirm with . or Enter, or press ? or * to list all spells.
The spell is quite dangerous to miscast (14% risk of failure)!
Continue anyway?
Your hands begin to glow red.
You climb downwards.
There is a stone staircase leading up here.
The orc priest hits you with a +0 war axe of electrocution.
You barely miss the orc priest. The orc priest closely misses you.
You hit the orc priest but do no damage.
The orc priest hits you with a +0 war axe of electrocution.
You are electrocuted!!
Ouch! That really hurt!
You die...
Your body crumbles into a pile of gold.

#######
#..o@.####
#.###<..!.
#.#### #.#
#.# #.#


You could see an orc priest.

Vanquished Creatures
  An orc wizard (D:2)
  3 adders (D:2)
  A worm (D:2)
  An orc (D:3)
  A ball python (D:2)
  3 bats
  4 endoplasms
  A giant cockroach (D:2)
  3 goblins
  6 hobgoblins
  3 kobolds
  5 rats
32 creatures vanquished.

Notes
Turn   | Place    | Note
-------+----------+-------------------------------------------
     0 | D:1      | sbat the Kobold Enchanter began the quest for the Orb.
     0 | D:1      | Reached XP level 1. HP: 10/10 MP: 3/3
    33 | D:1      | Found a faded altar of an unknown god.
    38 | D:1      | Prayed at the altar of an unknown god.
    38 | D:1      | Became a worshipper of Gozag Ym Sagoz the Greedy
   307 | D:1      | Reached XP level 2. HP: 15/15 MP: 5/5
  1193 | D:2      | Reached XP level 3. HP: 13/19 MP: 6/6
  1476 | D:2      | Learned a level 3 spell: Confusing Touch
  1802 | D:2      | Reached XP level 4. HP: 23/24 MP: 7/7
  2416 | D:2      | Reached skill level 5 in Stealth
  2640 | D:3      | Slain by an orc priest

Illustrated notes

Levels and vault maps discovered:
D:1:      eino_arrival_druids_welcome, layout_basic,
          ebering_ecumenical_altar_box
D:2:      wad_crossroads, layout_basic
D:3:      layout_basic, uniq_ijyb, uniq_sigmund, uniq_robin

Skill      XL: |  1  2  3  4 |
---------------+-------------+-----
Short Blades   | 2 3 |  3.0
Dodging        | 3 |  3.1
Stealth        | 5 |  5.1
Spellcasting   | |  2.7
Hexes          | |  3.3

Action                   |  1- 3 |  4- 6 || total
-------------------------+-------+-------++-------
Melee: Dagger            |    73 |    28 ||   101
       Punch             |     1 |     1 ||     2
 Cast: Confusing Touch   |     1 |     2 ||     3
  Use: Potion            |     1 |       ||     1
 Stab: Sleeping          |    13 |     1 ||    14
       Confused          |     1 |     1 ||     2
       Invisible         |     1 |       ||     1
Armor: Robe              |     5 |     2 ||     7
Dodge: Dodged            |    43 |    16 ||    59

Table legend: (Time is in decaauts)
 A = Elapsed time spent in this place.
 B = Non-inter-level travel time spent in this place.
 C = Inter-level travel time spent in this place.
 D = Time resting spent in this place.
 E = Time spent auto-exploring this place.
 F = Levels seen in this place.
 G = Mean time per level.
                   A        B        C        D        E       F      G
               +--------+--------+--------+--------+--------+-----+--------+
         Total |   2629 |   2593 |     36 |    436 |   1807 |   3 |  876.3 |
       Dungeon |   2629 |   2593 |     36 |    436 |   1807 |   3 |  876.3 |
               +--------+--------+--------+--------+--------+-----+--------+

Top non-repeatable levels by time:
     D:2: 1572 daAuts
     D:1: 1046 daAuts
     D:3: 11 daAuts
